 Dungeon Crawl Stone Soup version 0.28-a0-983-g1de4e0787c (webtiles) character file.

Game seed: 12592613171539297999

107 Decritt the Gusty (level 4, -1/26 HPs)
             Began as a Tengu Air Elementalist on Dec 3, 2021.
             Slain by an orc (6 damage)
             ... on level 3 of the Dungeon.
             The game lasted 00:03:05 (2595 turns).

Decritt the Gusty (Tengu Air Elementalist)          Turns: 2595, Time: 00:03:06

Health: -1/26      AC:  2    Str:  9    XL:     4   Next: 85%
Magic:  6/8        EV: 12    Int: 17    God:
Gold:   64         SH:  0    Dex: 14    Spells: 7/8 levels left

rFire   . . .      SeeInvis .   d - +0 short sword
rCold   . . .      Faith    .   (no shield)
rNeg    . . .      Spirit   .   a - +0 robe
rPois   .          Reflect  .   (helmet restricted)
rElec   .          Harm     .   (no cloak)
rCorr   .          Rampage  .   (no gloves)
Will    .....                   (boots unavailable)
Stlth   ++........              (no amulet)
HPRegen 0.08/turn               (no ring)
MPRegen 0.11/turn               (no ring)

@: no status effects
A: beak, talons 3
a: no special abilities


You were on level 3 of the Dungeon.
You visited 1 branch of the dungeon, and saw 4 of its levels.

You collected 64 gold pieces.

Inventory:

Hand Weapons
 d - a +0 short sword (weapon)
Armour
 a - a +0 robe (worn)
Wands
 i - a wand of digging (3)
Scrolls
 b - a scroll of blinking {unknown}
 c - 2 scrolls of identify {unknown}
 e - a scroll of teleportation {unknown}
 f - 2 scrolls of vulnerability {unknown}
 h - a scroll of silence {unknown}
Potions
 g - a potion of curing {unknown}
 j - a potion of flight {unknown}


   Skills:
 * Level 2.2 Fighting
 - Level 2.1 Dodging
 - Level 2.0 Stealth
 + Level 2.5 Spellcasting
 + Level 2.6 Conjurations
 * Level 5.2 Air Magic


You had 7 spell levels left.
You knew the following spells:

 Your Spells              Type           Power      Damage    Failure   Level
a - Shock                 Conj/Air       60%        1d6       3%          1

Your spell library contained the following spells:

 Spells                   Type           Power      Damage    Failure   Level
 Static Discharge         Conj/Air       15%        N/A       5%          2
 Swiftness                Air            20%        N/A       6%          3
 Airstrike                Air            10%        N/A       22%         4


Dungeon Overview and Level Annotations

Branches:
Dungeon (4/15)
 Temple: D:4-7

Altars:
Elyvilon
Gozag
Kikubaaqudgha
Okawaru


Innate Abilities, Weirdness & Mutations

You have a beak for a mouth.
You have claws for feet.


Message History

Aim: a gnoll, wielding a +0 spear (75% to hit)
The zap misses the gnoll.
The gnoll barely misses you. The gnoll closely misses you.
Casting: Shock (safe; 3% risk of failure)
Confirm with . or Enter, or press ? or * to list all spells.
Aiming: Shock (safe; 3% risk of failure)
Press: ? - help, Shift-Dir - straight line, f/p - gnoll
Aim: a gnoll, wielding a +0 spear (75% to hit)
The zap hits the gnoll.
The gnoll is lightly wounded.
The gnoll closely misses you. The gnoll hits you with a +0 spear.
Casting: Shock (safe; 3% risk of failure)
Confirm with . or Enter, or press ? or * to list all spells.
Aiming: Shock (safe; 3% risk of failure)
Press: ? - help, Shift-Dir - straight line, f/p - gnoll
Aim: a gnoll, wielding a +0 spear (lightly wounded, 75% to hit)
The zap misses the gnoll.
The gnoll hits you with a +0 whip. The gnoll hits you with a +0 spear.
* * * LOW HITPOINT WARNING * * *
The gnoll hits you with a +0 whip.
* * * LOW HITPOINT WARNING * * *
The gnoll closely misses you.
An orc comes into view. It is wielding a +0 club.
Found 20 stones.
The orc shouts!
The gnoll barely misses you.
A kobold comes into view. It is wielding a +0 short sword.
An orc comes into view. It is wielding a +0 flail. x2
The orc moves out of view.
An orc and an orc wizard come into view.
The orc shouts!
The orc closely misses you. The gnoll closely misses you.
The orc wizard moves out of view.
Found a stone staircase leading up.
The orc shouts!
You barely miss the kobold. The gnoll hits you with a +0 whip.
* * * LOW HITPOINT WARNING * * *
The kobold closely misses you. The orc barely misses you.
The orc hits you with a +0 flail.
You die...

#...<# ######....#
......o...#
......o...#
.....o.. .....
#oK# ...
########o@# ≈≈≈.
#........g# ≈!≈.
#........g# .≈≈≈.
#.........##.....
#................
########...####.##
........>.......
######.######..#
#..


You could see an orc wizard (wandering), 2 gnolls, 4 orcs and a kobold.

Vanquished Creatures
  Jessica (D:2)
  4 adders
  2 worms (D:2)
  5 dart slugs (D:1)
  5 endoplasms
  2 goblins
  A hobgoblin (D:2)
  2 kobolds
  2 quokkas (D:1)
  2 ball pythons
  2 bats (D:1)
  3 frilled lizards
  A rat (D:1)
32 creatures vanquished.

Notes
Turn   | Place    | Note
-------+----------+-------------------------------------------
     0 | D:1      | Decritt the Tengu Air Elementalist began the quest for the
                  | Orb.
     0 | D:1      | Reached XP level 1. HP: 10/10 MP: 4/4
   392 | D:1      | Reached XP level 2. HP: 13/16 MP: 6/6
   568 | D:1      | Reached skill level 1 in Fighting
   995 | D:1      | Reached XP level 3. HP: 20/20 MP: 4/7
  1974 | D:2      | Noticed Jessica
  1978 | D:2      | Killed Jessica
  1979 | D:2      | Reached skill level 5 in Air Magic
  1979 | D:2      | Reached XP level 4. HP: 26/26 MP: 3/8
  2021 | D:2      | Found a white marble altar of Elyvilon.
  2478 | D:2      | You fall into a shaft and drop 2 floors!
  2497 | D:4      | Found an ancient bone altar of Kikubaaqudgha.
  2497 | D:4      | Found an iron altar of Okawaru.
  2498 | D:4      | Found an opulent altar of Gozag.
  2595 | D:3      | Slain by an orc

Illustrated notes

Levels and vault maps discovered:
D:1:      dpeg_arrival_lava_altar, layout_basic
D:2:      layout_loops_corners, basic_altar, grunt_ministairs_2, uniq_jessica
D:3:      layout_basic, corexii_item_surrounded_by_moat, minmay_diced_spiral
D:4:      minmay_spotlight, layout_loops_ring, minmay_overflow_temple_star_quad,
          gammafunk_temple_overflow_forgotten, minmay_temple_entry_stoned_glass,
          minmay_gold_behind_fungi

Skill      XL: |  1  2  3 |
---------------+----------+-----
Fighting       | 1 2 |  2.2
Conjurations   | 2 |  2.6
Air Magic      | 5 |  5.2
Dodging        | |  2.1
Stealth        | |  2.0
Spellcasting   | |  2.5

Action                   |  1- 3 |  4- 6 || total
-------------------------+-------+-------++-------
Melee: Short sword       |    28 |     1 ||    29
       Unarmed           |     3 |       ||     3
       Peck              |     6 |       ||     6
       Kick              |     6 |       ||     6
 Cast: Shock             |    45 |    25 ||    70
 Stab: Distracted        |     1 |       ||     1
       Sleeping          |     1 |       ||     1
Dodge: Dodged            |    15 |    13 ||    28

Table legend: (Time is in decaauts)
 A = Elapsed time spent in this place.
 B = Non-inter-level travel time spent in this place.
 C = Inter-level travel time spent in this place.
 D = Time resting spent in this place.
 E = Time spent auto-exploring this place.
 F = Levels seen in this place.
 G = Mean time per level.
                   A        B        C        D        E       F      G
               +--------+--------+--------+--------+--------+-----+--------+
         Total |   2597 |   2572 |     25 |    150 |   2183 |   4 |  649.2 |
       Dungeon |   2597 |   2572 |     25 |    150 |   2183 |   4 |  649.2 |
               +--------+--------+--------+--------+--------+-----+--------+

Top non-repeatable levels by time:
     D:1: 1546 daAuts
     D:2: 935 daAuts
     D:4: 105 daAuts
     D:3: 10 daAuts
